AoeStats
← f.mark96

African Clearing

505292094Analyzed
3v3 RM · 23d ago on Sep 8, 2026· 48m 16s· 6 players
Game mode
Random Map
Map size
Normal (6 player)
Population
200
Speed
Normal
Resources
Standard
Victory
Conquest
Starting age
Dark Age
Ending age
Imperial Age
RankedLock teamsTeams togetherTeam positionsShared explorationLock speedFull tech treeHidden civsTurbo modeCheats
Victory
Defeat
🇭🇺 Bohemians · Hungary
1211
+17
🇭🇺 Romans · Hungary
1175
+19
🇭🇺 Bulgarians · Hungary
1161
+19
🇨🇭 Georgians · Switzerland
1242
-19
🇵🇪 Malay · Peru
1234
-18
🇨🇦 Spanish · Canada
1219
-18
elsuum_93
7:54 Loom
13:16 Feudal Age
13:23 Feudal Age
18:13 Castle Age
16:14 Double-Bit Axe
16:48 Town Watch
21:05 Wheelbarrow
21:18 Horse Collar
27:52 Husbandry
27:59 Padded Archer Armor
30:17 Leather Archer Armor
30:48 Bloodlines
33:30 Bow Saw
36:52 Pikeman
41:21 Imperial Age
38:39 Light Cavalry
41:07 Masonry
42:35 Conscription
44:47 Scale Barding Armor
44:54 Forging
Pinchost
15:27 Feudal Age
16:22 Loom
19:43 Castle Age
19:16 Double-Bit Axe
22:00 Bow Saw
21:50 Pikeman
22:33 Squires
24:56 Wheelbarrow
25:40 Elite Skirmisher
26:45 Forging
27:27 Scale Barding Armor
29:47 Thumb Ring
30:48 Iron Casting
30:01 Horse Collar
30:50 Hand Cart
33:56 Gold Mining
35:46 Gold Shaft Mining
35:33 Arson
39:12 Imperial Age
38:33 Elite Karambit Warrior
38:44 Man-at-Arms
41:02 Blast Furnace
40:25 Heavy Plow
40:29 Cavalier
40:42 Long Swordsman
42:53 Ballistics
43:34 Chemistry
43:07 Halberdier
43:39 Fletching
Xanthos
5:32 Loom
14:39 Feudal Age
15:20 Double-Bit Axe
17:51 Wheelbarrow
18:59 Fletching
22:43 Castle Age
21:48 Scale Barding Armor
21:53 Forging
23:44 Bloodlines
31:19 Horse Collar
34:58 Town Watch
36:23 Chain Barding Armor
40:13 Imperial Age
39:09 Bow Saw
40:06 Gold Mining
41:28 Iron Casting
44:40 Elite Monaspa
46:31 Caravan
47:08 Hand Cart
mark.mate96
3:53 Loom
5:14 Loom
5:49 Loom
6:13 Loom
7:04 Loom
7:30 Loom
8:40 Loom
13:50 Feudal Age
18:04 Castle Age
16:34 Double-Bit Axe
22:54 Wheelbarrow
22:08 Town Watch
26:35 Horse Collar
26:49 Gold Mining
31:19 Heavy Plow
34:35 Imperial Age
32:05 Fletching
32:50 Ballistics
33:21 Padded Archer Armor
33:18 Bodkin Arrow
36:27 Chemistry
35:07 Elite Skirmisher
36:06 Leather Archer Armor
35:59 Scale Barding Armor
42:06 Ring Archer Armor
41:15 Pikeman
41:56 Squires
44:03 Halberdier
45:45 Heavy Scorpion
48:45 Hand Cart
48:30 Town Patrol
f.mark96
13:04 Feudal Age
11:23 Loom
13:10 Feudal Age
17:29 Castle Age
16:26 Double-Bit Axe
16:37 Horse Collar
18:51 Padded Archer Armor
19:22 Bow Saw
20:29 Chemistry
20:00 Leather Archer Armor
20:45 Fletching
29:23 Wagenburg Tactics
31:25 Bodkin Arrow
34:53 Elite Skirmisher
38:12 Ballistics
38:37 Wheelbarrow
39:19 Masonry
39:40 Town Watch
43:54 Imperial Age
45:37 Houfnice
47:22 Hand Cart
Saxon_deez
4:51 Loom
13:21 Feudal Age
13:48 Double-Bit Axe
14:12 Arson
14:38 Horse Collar
16:53 Forging
22:37 Castle Age
22:15 Scale Barding Armor
22:22 Stone Mining
22:23 Gold Mining
22:43 Scale Mail Armor
23:56 Bow Saw
23:48 Heavy Plow
24:08 Husbandry
27:17 Bloodlines
28:37 Iron Casting
29:33 Wheelbarrow
30:44 Chain Barding Armor
30:15 Fletching
30:58 Hand Cart
30:34 Town Watch
31:38 Chain Mail Armor
31:28 Stirrups
36:05 Gold Shaft Mining
39:15 Imperial Age
37:49 Stone Shaft Mining
36:56 Elite Skirmisher
37:42 Thumb Ring
37:36 Bodkin Arrow
37:42 Padded Archer Armor
38:22 Coinage
38:31 Ballistics
38:23 Masonry
37:55 Light Cavalry
39:27 Elite Konnik
40:44 Town Patrol
41:38 Plate Barding Armor
41:34 Plate Mail Armor
41:53 Conscription
43:01 Blast Furnace
42:02 Bracer
44:41 Bagains
45:13 Leather Archer Armor
44:54 Gambesons
45:10 Squires
Connection lost

Rejoining the realm…

Still unreachable

The connection could not be restored.

Session expired

The server has moved on; the page needs a fresh start.